[Event "MCCT Chessable Masters 2022"]
[Site "Online"]
[Date "2022.05.16"]
[Round "15.5"]
[White "Shankland, Sam"]
[Black "Harikrishna, Pentala"]
[Result "1-0"]
[ECO "D38"]
[WhiteElo "2718"]
[BlackElo "2705"]
[Annotator "TA"]
[PlyCount "51"]
[EventDate "2022.05.19"]
[EventType "tourn"]
[EventCountry "NET"]
[SourceTitle "playchess.com"]
[Source "ChessBase"]
[SourceQuality "1"]
[TimeControl "900+10"]

1. d4 Nf6 2. c4 e6 3. Nf3 d5 4. Nc3 Bb4 5. cxd5 exd5 6. Bg5 h6 7. Bh4 Bf5 {[%emt 0:01:11] 7...Bf5 is the recent fashion. D38: Queen's Gambit Declined: Ragozin Defence (4 Nf3 Bb4).} 8. Qb3 Nc6 9. e3 (9. a3 $5 Bxc3+ 10. bxc3 $11) 9... O-O {[%emt 0:00:17] The position is equal.} (9... g5 $5 10. Bg3 O-O $11) 10. Bxf6 Qxf6 11. Qxd5 Rfe8 {[%emt 0:01:52] White must now prevent ...Rad8.} 12. Be2 Be4 {[%emt 0:00:51] [#]} (12... Na5 $1 $14 13. Qb5 c5) 13. Qc4 {[%emt 0:01:56] [#]} ({Better is} 13. Qh5 $1 $16) 13... b5 $146 ({Predecessor:} 13... Bxf3 14. gxf3 Rad8 15. O-O-O Bxc3 16. bxc3 Qd6 17. Kb1 Ne7 18. Qb3 Nd5 19. Bc4 Re7 20. Bxd5 Qxd5 21. Qxd5 Rxd5 {½-½ (45) Cerasi,U (1980)-Mouthuy,J (1690) Luxembourg 2017}) 14. Qb3 {[%emt 0:03:38] aiming for 0-0.} Bxf3 15. gxf3 (15. Bxf3 $2 {[#]} Nxd4 $1 16. Qd1 Nxf3+ 17. gxf3 Bxc3+ 18. bxc3 Rad8 $19) 15... Qh4 (15... Nxd4 $5 16. exd4 Qxf3 $14) 16. O-O-O Qxf2 17. Bxb5 Qxe3+ 18. Rd2 $1 ({Of course not} 18. Kb1 Bxc3 19. Rd3 (19. Qxc3 $2 Qxc3 20. bxc3 Reb8 $19) 19... Nxd4 20. Rxe3 Rxe3 $15) 18... Nxd4 19. Qxb4 {[%emt 0:00:03] Dancing on a razor blade.} c5 20. Qc4 Red8 (20... Nxf3 $11 {and Black stays safe.} 21. Qe2 Nxd2 22. Qxd2 Rad8 23. Qxe3 Rxe3) 21. Rhd1 $18 Rd6 22. Kb1 Rc8 (22... Nxb5 {is a better defense.} 23. Rxd6 Nxd6 24. Rxd6 Qxf3 25. Qxc5 Qh1+ 26. Rd1 Qxh2) 23. Qd3 Qe5 24. Qe4 Qh5 25. Qg4 Qe5 (25... Qxg4 26. fxg4 Rg6) 26. Qxc8+ {[%emt 0:00:03] Weighted Error Value: White=0.21 (precise) /Black=0.58} 1-0

[Event "MCCT Chessable Masters 2022"]
[Site "Online"]
[Date "2022.05.16"]
[Round "15.6"]
[White "Vidit, Santosh Gujrathi"]
[Black "Praggnanandhaa R"]
[Result "0-1"]
[ECO "B30"]
[WhiteElo "2723"]
[BlackElo "2642"]
[Annotator "TA"]
[PlyCount "76"]
[EventDate "2022.05.19"]
[EventType "tourn"]
[EventCountry "NET"]
[SourceTitle "playchess.com"]
[Source "ChessBase"]
[SourceQuality "1"]
[TimeControl "900+10"]

1. e4 c5 2. Nf3 Nc6 3. Bb5 e6 4. Bxc6 bxc6 5. d3 Ne7 6. h4 h5 {[%emt 0:00:06] B30: Sicilian: 2...Nc6 3 Bb5, lines without ...g6.} 7. Nbd2 f6 8. e5 fxe5 {[%emt 0:00:49] The position is equal.} 9. Nxe5 {[%emt 0:00:07] With the idea Qf3.} d6 10. Nec4 Nf5 11. Nf3 Be7 12. Bg5 e5 {[%emt 0:00:48] [#]} 13. Qd2 $146 ({Predecessor:} 13. c3 Rb8 14. Qe2 O-O 15. O-O-O Bf6 16. Nfd2 Rb7 17. Ne4 d5 18. Bxf6 gxf6 19. Nxc5 {0-1 (48) Xu,Y (2526)-Aravindh,C (2598) Xingtai 2019}) 13... Be6 14. Bxe7 Qxe7 15. Ng5 O-O 16. O-O-O Rab8 17. c3 Bd5 18. f3 Nh6 19. Ne4 Nf7 20. Ng3 g6 21. Rde1 a5 22. f4 Qe6 {[%emt 0:00:34] Prevents f5.} 23. Nxa5 Bxa2 {[%emt 0:00:10] [#]} (23... Qg4 $11 24. Ne4 Qxf4) 24. fxe5 $2 (24. Rhf1 $1 $16 {stays on course.}) 24... dxe5 $4 (24... Nxe5 $19 {and all is fine. Hoping for ...Qd5.} 25. c4 (25. Nxc6 $2 Rf2 $19) 25... Ra8) 25. c4 $18 {[%emt 0:00:24] Against Qd5. aiming for Ne4.} Rb4 $2 (25... Ra8 {is a better defense.}) 26. Ne4 Rfb8 27. Re2 {[%emt 0:00:44] Black must now prevent Rf1.} Kg7 $2 (27... Qc8) 28. Rf1 Nd6 29. Nxc5 {[%emt 0:00:13] Pair of Knights!} Qg4 30. Qe3 Re8 31. Qf3 Qd4 $2 (31... Qxf3 32. Rxf3 e4) 32. Qf6+ Kh7 33. Ne6 (33. Nxc6 $142 Qxc5 34. Nxb4 Qxb4 35. Rxe5 Rxe5 36. Qxe5 Bxc4 37. Qe7+ (37. dxc4 Qxc4+ 38. Kd2 Qxf1 $17) (37. Qd4 Qa5 $14) 37... Kh8 38. Qf8+ (38. dxc4 Qxc4+ 39. Kd2 Qxf1 $11) 38... Kh7 39. Qe7+ (39. dxc4 Qxc4+ 40. Kb1 Qe4+ 41. Kc1 Qc4+ 42. Kb1 Qe4+ 43. Kc1 Qe3+ 44. Kd1 Qd3+ 45. Ke1 Qe3+ 46. Kd1 Qd3+ 47. Kc1 Qe3+ 48. Kc2 Qe2+ 49. Kc3 Qe3+ 50. Kb4 Qb6+ 51. Kc3 Qe3+ 52. Kc2 Qe2+ 53. Kc3 Qe3+ $11) 39... Kh8 40. Qf6+ (40. dxc4 Qxc4+ 41. Kd2 Qxf1 $11) 40... Kh7 41. Qe7+ (41. dxc4 Qxc4+ 42. Kb1 Qd3+ 43. Ka1 Qa6+ 44. Kb1 Qd3+ 45. Kc1 Qc4+ 46. Kb1 Qd3+ $11) (41. Qd4 Qa5 $14)) 33... Rxe6 34. Qxe6 {[%emt 0:00:01] Threatens to win with Qe7+.} Qxd3 35. Qe7+ Kh6 {[%emt 0:00:03] ( -> ...Qb1+)} 36. Rf8 $4 Qb1+ {[%emt 0:00:11][%mdl 64] [#] Deflection. Black mates.} 37. Kd2 Rxb2+ 38. Ke3 Qe4+ {[%emt 0:00:01] Black used his chance.  Weighted Error Value: White=0.60/Black=0.59} 0-1

[Event "MCCT Chessable Masters 2022"]
[Site "Online"]
[Date "2022.05.16"]
[Round "15.7"]
[White "Wei, Yi"]
[Black "Grandelius, Nils"]
[Result "1-0"]
[ECO "B90"]
[WhiteElo "2727"]
[BlackElo "2635"]
[Annotator "TA"]
[PlyCount "95"]
[EventDate "2022.05.19"]
[EventType "tourn"]
[EventCountry "NET"]
[SourceTitle "playchess.com"]
[Source "ChessBase"]
[SourceQuality "1"]
[TimeControl "900+10"]

1. e4 {[%emt 0:00:00] Marin,M} c5 2. Nf3 d6 3. d4 cxd4 4. Nxd4 Nf6 5. Nc3 a6 6. Be3 e5 7. Nb3 Be6 8. Qd2 Be7 9. h3 {[%emt 0:00:09] B90: Sicilian Najdorf: Unusual White 6th moves, 6 Be3 Ng4 and 6 Be3 e5.} O-O 10. O-O-O Nbd7 (10... a5 $5 ) 11. g4 {[%emt 0:00:19] The position is equal.} b5 {[%emt 0:00:02] [#]} 12. a3 $5 $146 {[%emt 0:00:03][%mdl 8] An interesting novelty.} ({Predecessor:} 12. Kb1 Qc7 13. Bg2 Nb6 14. Bxb6 Qxb6 15. f4 Bc4 16. g5 Nh5 17. fxe5 dxe5 18. Nd5 Bxd5 19. exd5 {½-½ (32) Anand,V (2779)-Ivanchuk,V (2750) Morelia/Linares 2007 CBM 117 [Marin,M]}) 12... Qc7 13. Kb1 Nc5 14. Nd5 Bxd5 15. exd5 {[%emt 0:00:03] Hoping for Nxc5.} Nfe4 16. Qe1 Bh4 17. Rg1 f5 18. gxf5 Rxf5 19. Nxc5 Nxc5 20. Rg4 Bf6 21. h4 e4 (21... Rb8 $11) 22. Bh3 Re5 23. Bd4 Rf8 24. Bxe5 Bxe5 25. Rg5 Bf6 (25... Qe7 $1 $14) 26. Rf5 (26. Be6+ $16 Nxe6 27. dxe6 Bxg5 28. hxg5) 26... g6 (26... Qe7 $11 {keeps the balance.}) 27. Rf4 $16 Qg7 (27... Be5 $16 28. Rxf8+ Kxf8) 28. Be6+ $18 Kh8 29. h5 (29. f3 $18) 29... Qh6 $16 {[%emt 0:00:07] [#]} 30. Rxf6 Rxf6 {[%emt 0:00:03] [#]} 31. Qc3 $1 g5 {[%emt 0:00:37] [#]} 32. b4 (32. Rh1 $1 $16) 32... Na4 $11 33. Qd4 Qg7 {[%emt 0:00:03][%cal Of6e6] Threatens to win with ...Rxe6!} 34. Kc1 $1 Rf4 (34... h6 $1 $15) 35. h6 $1 Qxd4 36. Rxd4 {[%emt 0:00:00][%mdl 4096] Endgame Black must now prevent c4. KRB-KRN} Nb6 {[%emt 0:00:25] Inhibits c4.} 37. a4 Rh4 $2 (37... bxa4 38. Kb1) (37... Nxa4 $11 {and Black has nothing to worry.} 38. Bc8 Kg8) 38. a5 $18 Nc4 39. Kd1 {[%emt 0:00:15] Strongly threatening Bc8.} Rxh6 40. Rxe4 Rf6 $2 {[%emt 0:00:08][%mdl 8192] This costs Black the game.} (40... Rh1+ $16 41. Re1 Rh4) 41. Bc8 Rxf2 42. Bxa6 Rd2+ $2 (42... Na3 43. Bb7 Rf1+ 44. Ke2 Ra1) 43. Ke1 Rxc2 44. Bxb5 Ne5 {[%emt 0:00:03] [#]} 45. Rxe5 $1 dxe5 46. d6 {[%emt 0:00:02][%cal Bd5d6,Bd6d7][%mdl 32] Threatening mate with d7.} Rc8 47. d7 Rf8 48. Bc6 {[%emt 0:00:07] Weighted Error Value: White=0.12 (very precise) /Black=0.48} 1-0

[Event "MCCT Chessable Masters 2022"]
[Site "Online"]
[Date "2022.05.16"]
[Round "15.8"]
[White "Giri, Anish"]
[Black "Tari, Aryan"]
[Result "1/2-1/2"]
[ECO "B11"]
[WhiteElo "2761"]
[BlackElo "2654"]
[Annotator "TA"]
[PlyCount "84"]
[EventDate "2022.05.19"]
[EventType "tourn"]
[EventCountry "NET"]
[SourceTitle "playchess.com"]
[Source "ChessBase"]
[SourceQuality "1"]
[TimeControl "900+10"]

1. e4 c6 2. Nc3 d5 3. Nf3 dxe4 4. Nxe4 Nf6 5. Qe2 Nxe4 6. Qxe4 Nd7 {[%emt 0:00:01][%cal Bb8d7,Bd7f6,Bf6h5][%mdl 32] B11: Caro-Kann: Two Knights Variation.} 7. Bc4 Nf6 {[%emt 0:00:02] [#]} 8. Ne5 $1 e6 9. Qf4 Bd6 {[%emt 0:01:20] ...Qa5 is the strong threat.} 10. d4 O-O {[%emt 0:00:53] [#]} 11. Qg3 $146 (11. O-O $11) ({Predecessor:} 11. O-O Qc7 12. Re1 b5 13. Bd3 Bb7 14. Qh4 g6 15. Qxf6 {1-0 (15) Tregubov,P (2539)-Manukian,A (2196) Chess.com INT 2022}) 11... c5 $15 ({Don't play} 11... Ne4 12. Qe3 (12. Qf4 Qa5+ 13. Ke2 Nf6 $11) 12... Nf6 13. O-O $11) 12. Bh6 Nh5 13. Qg4 {[%emt 0:00:02] [#] Strongly threatening 0-0-0.} cxd4 $1 {[%emt 0:00:41] aiming for ...Qa5+.} 14. Nf3 Qa5+ 15. Bd2 Bb4 16. O-O-O Bxd2+ 17. Rxd2 Nf6 18. Qg5 Qxg5 19. Nxg5 Bd7 20. Rxd4 Bc6 {[%emt 0:00:09] Prevents Ne4.} 21. f3 Rfd8 22. Rxd8+ Rxd8 23. Nh3 Kf8 24. a3 h6 25. Nf2 $1 g5 26. Re1 h5 27. Nd3 b6 {[%emt 0:00:40] [#]} (27... Ke7 $11) 28. Ne5 ({White should try} 28. Bxe6 $1 $16 Bb5 (28... Bxf3 29. Ne5) 29. Bf5) 28... Bb7 {[%emt 0:00:01] The position is equal.} 29. c3 g4 30. Be2 gxf3 31. Bxf3 Bxf3 32. Nxf3 $11 {[%emt 0:00:11][%mdl 4096] Endgame KRN-KRN} Ke7 33. Kc2 Nd5 34. g3 Rg8 35. c4 Nf6 36. b4 Nd7 37. Nd4 a6 38. Kc3 e5 39. Nf5+ Ke6 40. Nd4+ Ke7 41. Nf5+ Ke6 42. Nd4+ Ke7 {[%emt 0:00:01] Weighted Error Value: White=0.10 (very precise) /Black=0.10 (very precise)} 1/2-1/2